 Dungeon Crawl Stone Soup version 0.21-a0-509-gecc5317 (webtiles) character file.

1368 Gildeon the Magician (level 8, -13/57 HPs)
             Began as a Demigod Fire Elementalist on Dec 1, 2017.
             Killed from afar by mortelune's ghost (17 damage)
             ... with a stone arrow
             ... on level 6 of the Dungeon.
             The game lasted 00:43:56 (5318 turns).

Gildeon the Magician (Demigod Fire Elementalist)    Turns: 5318, Time: 00:43:57

Health: -13/57     AC:  8    Str: 16    XL:     8   Next: 15%
Magic:  17/28      EV: 12    Int: 26    God:
Gold:   203        SH:  0    Dex: 18    Spells: 4/17 levels left

rFire    . . .     SeeInvis .   w - +2 dagger (venom)
rCold    . . .     Gourm    .   (no shield)
rNeg     . . .     Faith    .   p - +3 leather armour
rPois    .         Spirit   .   (no helmet)
rElec    .         Reflect  .   (no cloak)
rCorr    .         Harm     .   (no gloves)
MR       .....                  e - +1 pair of boots
Stlth    ++........             (no amulet)
HPRegen  0.19/turn              f - ring of magical power
MPRegen  0.21/turn              (no ring)

@: mighty, brilliant
A: high mp 1
a: no special abilities


You were on level 6 of the Dungeon.
You were not hungry.

You visited 1 branch of the dungeon, and saw 6 of its levels.

You collected 203 gold pieces.

Inventory:

Hand Weapons
 w - a +2 dagger of venom (weapon)
 x - a cursed -2 whip
 C - a -3 mace of crushing
 D - a -1 executioner's axe of chopping
Armour
 e - a +1 pair of boots (worn)
 l - a +1 scale mail of cold resistance
 n - a +3 ring mail
 p - a +3 leather armour (worn)
 B - a +0 scale mail of positive energy
Jewellery
 f - a ring of magical power (left hand)
Wands
 g - a wand of random effects (6)
 q - a wand of digging (7)
Scrolls
 s - 2 scrolls of fear
 u - a scroll of teleportation
 y - a scroll of fog
 E - a scroll of identify
Potions
 a - a potion of agility
 d - a potion of cancellation {unknown}
 h - a potion of ambrosia {unknown}
 k - 2 potions of magic
 m - a potion of heal wounds {unknown}
 A - a potion of berserk rage {unknown}
Books
 b - a book of Flames

   Spells                             Type                      Level
   a - Flame Tongue                   Conjuration/Fire             1
   b - Throw Flame                    Conjuration/Fire             2
   c - Conjure Flame                  Conjuration/Fire             3
   d - Inner Flame                    Hexes/Fire                   3
   e - Sticky Flame                   Conjuration/Fire             4
   f - Fireball                       Conjuration/Fire             5
Comestibles
 c - 2 bread rations
 o - 7 fruits
 r - a royal jelly
 v - 2 meat rations
 z - 3 chunks of flesh


   Skills:
 - Level 1.7 Dodging
 - Level 1.7 Stealth
 - Level 5.1 Spellcasting
 - Level 5.0 Conjurations
 + Level 3.7 Hexes
 - Level 5.0 Fire Magic


You had 4 spell levels left.
You knew the following spells:

 Your Spells              Type           Power        Failure   Level  Hunger
a - Flame Tongue          Conj/Fire      #####        1%          1    None
b - Throw Flame           Conj/Fire      #####.       1%          2    None
c - Conjure Flame         Conj/Fire      #####...     1%          3    #......
d - Inner Flame           Hex/Fire       #####...     1%          3    #......
e - Sticky Flame          Conj/Fire      #####...     1%          4    ###....


Dungeon Overview and Level Annotations

Branches:
Dungeon (6/15)
 Temple: D:4-7

Annotations:
D:6 mortelune's ghost, novice GrEE


Innate Abilities, Weirdness & Mutations

You have an increased reservoir of magic. (+10% MP)


Message History

* * * LOW HITPOINT WARNING * * *
You feel better. Mortelune's ghost hits you.
* * * LOW HITPOINT WARNING * * *
You feel very mighty all of a sudden. Mortelune's ghost misses you.
You hit mortelune's ghost but do no damage.
Mortelune's ghost is heavily damaged.
Mortelune's ghost casts a spell at you. The stone arrow hits you!
* * * LOW HITPOINT WARNING * * *
You hit mortelune's ghost but do no damage.
Mortelune's ghost is heavily damaged.
Mortelune's ghost casts a spell at you. The stone arrow misses you.
Mortelune's ghost gestures at you while chanting.
The blast of sand hits you!
Mortelune's ghost wails.
Mortelune's ghost gestures at you while chanting.
The stone arrow hits you!
You die...

# #.....#####..#####[##
#############.....#####..#####.##
..........?..................>.<#
..................###.#.#########
.##.##...####.#######.#.........รท
.........# #.##.........########
.........# #.##...W.....#
.........####.##.........#
.........##.....@........#
.........##......####.#### ...
#......# #.# #....... #.# #.......
.# .........# .........#
...####.##


You could see mortelune's ghost.

Vanquished Creatures
  Sigmund (D:2)
  2 ice beasts (D:6)
  A phantom (D:5)
  An ogre (D:4)
  4 scorpions (D:4)
  A centaur zombie (D:5)
  3 hounds (D:4)
  2 orc priests
  5 orc wizards
  Terence (D:3)
  A worker ant (D:5)
  A howler monkey zombie (D:5)
  4 gnolls
  10 adders
  A howler monkey skeleton (D:5)
  2 shadow imps (D:5)
  An ooze (D:1)
  3 worms
  2 dart slugs
  5 leopard geckos
  7 orcs
  7 giant cockroaches
  5 goblins
  10 hobgoblins
  3 jackals (D:1)
  10 kobolds
  3 quokkas
  3 ball pythons
  16 bats
  5 frilled lizards
  10 rats
  7 fungi (D:4)
137 creatures vanquished.

Vanquished Creatures (others)
  3 fungi (D:4)
3 creatures vanquished.

Grand Total: 140 creatures vanquished

Notes
Turn   | Place    | Note
-------+----------+-------------------------------------------
     0 | D:1      | Gildeon the Demigod Fire Elementalist began the quest for the Orb.
     0 | D:1      | Reached XP level 1. HP: 14/14 MP: 5/5
   171 | D:1      | Reached XP level 2. HP: 20/20 MP: 8/8
   350 | D:1      | Learned a level 2 spell: Throw Flame
   680 | D:1      | Reached XP level 3. HP: 26/26 MP: 10/10
   829 | D:1      | Learned a level 3 spell: Conjure Flame
   865 | D:2      | Noticed Sigmund
  1068 | D:2      | Learned a level 3 spell: Inner Flame
  1120 | D:2      | Found an ornate altar of the Wu Jian Council.
  1387 | D:2      | Killed Sigmund
  1387 | D:2      | Reached skill level 5 in Spellcasting
  1387 | D:2      | Reached XP level 4. HP: 29/33 MP: 7/14
  1387 | D:2      | Reached XP level 5. HP: 34/38 MP: 7/15
  1481 | D:2      | Learned a level 4 spell: Sticky Flame
  1887 | D:3      | Found a blossoming altar of Fedhas.
  2581 | D:3      | Noticed Terence
  2595 | D:3      | Killed Terence
  2595 | D:3      | Reached XP level 6. HP: 33/45 MP: 14/17
  3273 | D:4      | Reached skill level 5 in Fire Magic
  3384 | D:4      | Reached skill level 1 in Conjurations
  3533 | D:4      | Reached XP level 7. HP: 50/50 MP: 18/18
  4024 | D:5      | Entered Level 5 of the Dungeon
  4366 | D:5      | Reached skill level 5 in Conjurations
  4374 | D:5      | Reached skill level 1 in Hexes
  5132 | D:6      | Reached XP level 8. HP: 57/57 MP: 19/19
  5287 | D:6      | Noticed mortelune's ghost (novice GrEE)
  5318 | D:6      | Killed from afar by mortelune's ghost

Vault maps used:
D:1:      dpeg_chamrin_arrival_tetris
D:2:      nicolae_overflow_hidden_temple, uniq_sigmund
D:3:      lemuel_crystal_altar, uniq_terence
D:4:      old_forge, minivault_25, cheibrodos_gnoll_hut
D:5:      first_bread
D:6:      minmay_temple_entry_nine_rooms, wad_floor_pattern_2,
          minmay_shop_grid_forest, uniq_blork_the_orc

Skill      XL: |  1  2  3  4  5  6  7 |
---------------+----------------------+-----
Spellcasting   | 2 3 5 |  5.1
Fire Magic     | 3 5 |  5.0
Conjurations   | 2 5 |  5.0
Hexes          | 3 |  3.7
Dodging        | |  1.7
Stealth        | |  1.7

Action                   |  1- 3 |  4- 6 |  7- 9 || total
-------------------------+-------+-------+-------++-------
Melee: Dagger            |       |     2 |    63 ||    65
 Cast: Flame Tongue      |    91 |   103 |   109 ||   303
       Throw Flame       |     2 |    14 |     7 ||    23
       Conjure Flame     |       |     2 |       ||     2
       Inner Flame       |       |       |     2 ||     2
  Use: Scroll            |     9 |    13 |     4 ||    26
       Potion            |       |       |     5 ||     5
  Eat: Chunk             |     1 |     7 |     3 ||    11
       Bread ration      |       |       |     1 ||     1
Armor: Robe              |     4 |       |       ||     4
       Leather armour    |     6 |    19 |    22 ||    47
Dodge: Dodged            |    32 |    44 |    37 ||   113

Table legend:
 A = Spawn XP
 B = Non-spawn XP
 C = Spawn XP percentage of total XP
 D = Spawn monster count
 E = Non-spawn monster count
 F = Spawn count percentage of total count
 G = Total turns spent on level
                    A         B        C        D         E        F      G
               +---------+---------+-------+---------+---------+-------+---------
         Total |       0 |    1955 |   0.0 |       0 |     130 |   0.0 |  5318
               +---------+---------+-------+---------+---------+-------+---------
           D:1 |       0 |      52 |   0.0 |       0 |      27 |   0.0 |   893
           D:2 |       0 |     299 |   0.0 |       0 |      31 |   0.0 |   917
           D:3 |       0 |     125 |   0.0 |       0 |      24 |   0.0 |   919
           D:4 |       0 |     751 |   0.0 |       0 |      27 |   0.0 |  1295
           D:5 |       0 |     459 |   0.0 |       0 |      17 |   0.0 |  1078
           D:6 |       0 |     269 |   0.0 |       0 |       4 |   0.0 |   216
               +---------+---------+-------+---------+---------+-------+---------
